 Dungeon Crawl Stone Soup version 0.30.0-11-gf55b779eaf (webtiles) character file.

Game seed: 4888902253922061304

11665 croobank the Thaumaturge (level 11, -8/83 HPs)
             Began as a Gnoll Fire Elementalist on May 16, 2023.
             Was a Follower of Sif Muna.
             Killed from afar by a rime drake (14 damage)
             ... with an icy flash freeze
             ... on level 10 of the Dungeon.
             The game lasted 01:35:21 (14353 turns).

croobank the Thaumaturge (Gnoll Fire Elementalist) Turns: 14353, Time: 01:35:22

Health: -8/83      AC:  7    Str: 10    XL:     11   Next: 81%
Magic:  15/23      EV: 15    Int: 19    God:    Sif Muna [*.....]
Gold:   43         SH:  0    Dex: 13    Spells: 8/27 levels left

rFire   . . .        a - +1 dagger (holy)
rCold   + . .        (no shield)
rNeg    + . .        d - +0 robe {rC+}
rPois   .            l - +1 helmet
rElec   .            (no cloak)
rCorr   +            Z - +0 pair of gloves
SInv    +            g - +0 pair of boots
Will    .....        x - amulet of regeneration
Stlth   ++++         P - ring of Dereno {rN+ rCorr Str+3 SInv}
HPRegen 1.13/turn    O - ring of wizardry
MPRegen 0.18/turn

%: wizardry (x1)
@: brilliant
A: fangs 1, strong nose, distributed training
a: Renounce Religion, Channel Magic


You were on level 10 of the Dungeon.
You worshipped Sif Muna.
Sif Muna was aware of your devotion.
You visited 2 branches of the dungeon, and saw 11 of its levels.
You also visited: Ossuary.

You collected 549 gold pieces.
You spent 506 gold pieces at shops.

Inventory:

Hand Weapons
 a - a +1 dagger of holy wrath (weapon)
 b - a +2 shortbow of flaming
 r - a +0 scimitar
 t - a +0 long sword
 w - a +3 war axe
 J - a +1 whip of venom
 K - a +0 spear of flaming
 N - a +3 spear
 U - a +1 hand axe of venom
 Y - a +1 antimagic short sword
Missiles
 v - 4 boomerangs of dispersal
 X - a throwing net (quivered)
Armour
 d - a +0 robe of cold resistance (worn)
 e - a scarf of invisibility
 g - a +0 pair of boots (worn)
 l - a +1 helmet (worn)
 Z - a +0 pair of gloves (worn)
Magical Staves
 S - a staff of death
 V - a staff of earth
Jewellery
 n - a ring of poison resistance
 x - an amulet of regeneration (around neck)
 C - an amulet of guardian spirit
 I - a ring of resist corrosion
 O - a ring of wizardry (right hand)
 P - the ring of Dereno (left hand) {rN+ rCorr Str+3 SInv}
   (You found it on level 7 of the Dungeon)

   [ring of see invisible]

   Str:       It affects your strength (+3).
   rN:        It protects you from negative energy.
   SInv:      It lets you see invisible.
   rCorr:     It protects you from acid and corrosion.
 T - a ring of positive energy
Wands
 i - a wand of light (2)
 j - a wand of roots (17)
 L - a wand of polymorph (6)
Scrolls
 h - 2 scrolls of teleportation
 m - a scroll of fog
 y - a scroll of brand weapon {unknown}
 A - 2 scrolls of silence
 D - a scroll of poison
 G - 2 scrolls of magic mapping
 R - 3 scrolls of identify
 W - a scroll of immolation
Potions
 c - 2 potions of attraction
 f - a potion of magic
 k - 3 potions of brilliance
 o - 4 potions of flight
 p - 4 potions of berserk rage
 q - 2 potions of mutation
 s - 4 potions of heal wounds
 u - a potion of might {unknown}
 z - 5 potions of curing
 E - 2 potions of haste {unknown}
 F - a potion of resistance {unknown}
 H - a potion of lignification
 M - a potion of ambrosia {unknown}
Miscellaneous
 B - a phantom mirror
 Q - a box of beasts


   Skills:
 + Level 6.9 Fighting
 + Level 6.9 Short Blades
 + Level 6.9 Long Blades
 + Level 6.9 Axes
 + Level 6.9 Maces & Flails
 + Level 6.9 Polearms
 + Level 6.9 Staves
 + Level 6.9 Ranged Weapons
 + Level 6.9 Throwing
 + Level 6.9 Armour
 + Level 8.3 Dodging
 + Level 8.1 Stealth
 + Level 6.9 Shields
 + Level 6.9 Unarmed Combat
 + Level 8.6 Spellcasting
 + Level 6.1 Conjurations
 + Level 5.7 Hexes
 + Level 5.7 Summonings
 + Level 5.7 Necromancy
 + Level 5.7 Translocations
 + Level 5.7 Transmutations
 + Level 8.0 Fire Magic
 + Level 5.7 Ice Magic
 + Level 5.7 Air Magic
 + Level 5.7 Earth Magic
 + Level 5.7 Poison Magic
 + Level 7.5 Invocations
 + Level 6.9 Evocations


You had 8 spell levels left.
You knew the following spells:

 Your Spells              Type           Power      Damage    Failure   Level
a - Foxfire               Conj/Fire      100%       2x1d9     1%          1
b - Scorch                Fire           100%       2d9       1%          2
c - Inner Flame           Hex/Fire       51%        N/A       1%          3
d - Flame Wave            Conj/Fire      52%        2d13      1%          4
e - Summon Guardian Gole  Hex/Summ       45%        N/A       1%          3
f - Frozen Ramparts       Ice            90%        1d14      1%          3
g - Ozocubu's Armour      Ice            45%        N/A       1%          3

Your spell library contained the following spells:

 Spells                   Type           Power      Damage    Failure   Level
 Freeze                   Ice            100%       1d10      1%          1
 Kiss of Death            Conj/Necr      100%       2d13      1%          1
 Magic Dart               Conj           100%       1d8       1%          1
 Necrotise                Necr           100%       1d9       1%          1
 Searing Ray              Conj           94%        2d7       1%          2
 Sublimation of Blood     Necr           45%        N/A       1%          2
 Wereblood                Tmut           45%        N/A       1%          2
 Confusing Touch          Hex            45%        N/A       1%          3
 Dazzling Flash           Conj/Hex       92%        N/A       1%          3
 Hailstorm                Conj/Ice       46%        3d11      1%          3
 Vampiric Draining        Necr           45%        2d9       1%          3
 Volatile Blastmotes      Fire/Tloc      100%       2d18      1%          3
 Sticky Flame             Conj/Fire      52%        2d7       1%          4
 Anguish                  Hex/Necr       22%        N/A       3%          4
 Fulminant Prism          Conj/Hex       23%        3d12      3%          4
 Fireball                 Conj/Fire      26%        3d12      5%          5
 Agony                    Necr           45%        N/A       9%          5
 Metabolic Englaciation   Hex/Ice        22%        N/A       9%          5
 Silence                  Hex/Air        22%        N/A       9%          5
 Yara's Violent Unravell  Hex/Tmut       22%        3d10      9%          5
 Starburst                Conj/Fire      26%        6d8       26%         6
 Plasma Beam              Fire/Air       25%        2x1d41    30%         6
 Simulacrum               Ice/Necr       22%        N/A       43%         6
 Orb of Destruction       Conj           23%        9d8       89%         7
 Spellforged Servitor     Conj/Summ      23%        N/A       91%         7
 Summon Hydra             Summ           22%        N/A       93%         7
 Fire Storm               Conj/Fire      26%        8d7       100%        9


Dungeon Overview and Level Annotations

Branches:
Dungeon (10/15)            Temple (1/1) D:7         Ossuary (visited)
   Lair: D:8-11         Orc: D:9-12

Altars:
Ashenzari
Cheibriados
Dithmenos
Elyvilon
Fedhas
Gozag
Hepliaklqana
Kikubaaqudgha
Makhleb
Nemelex Xobeh
Okawaru
Qazlal
Ru
Sif Muna
Trog
Uskayaw
Vehumet
Wu Jian
Xom
Yredelemnul
Zin
The Shining One

Shops:
D:6 :

Annotations:
D:4 2 runed translucent doors, Xolotl's ghost, amateur DsDe
D:10 2 transporters, exclusion: oklob plant, Urug; crux's ghost, journeyman OpTm


Innate Abilities, Weirdness & Mutations

You have very sharp teeth.
Your uncanny sense of smell can sniff out nearby items.
Your experience applies equally to all skills.


Message History

Confirm with . or Enter, or press ? or * to list all spells.
Casting: Flame Wave (dangerous; 1% risk of failure)
Press: ? - help, Dir - look around, f - activate You feel a surge of power!
A wave of flame ripples out!
The flame wave engulfs Urug.
Urug is moderately wounded.
The flame wave engulfs the wolf!
The wolf is heavily wounded. (Press . to intensify the flame waves.)
The wolf bites you but does no damage. The wolf bites you.
Urug hits you with a +5 broad axe of flaming!!
* * * LOW HITPOINT WARNING * * *
Urug burns you.
* * * LOW HITPOINT WARNING * * *
A wave of flame ripples out!
The flame wave engulfs Urug!
Urug is heavily wounded.
The flame wave engulfs the wolf!
The wolf is severely wounded.
The flame wave engulfs the ice beast!
The ice beast melts!
The ice beast is severely wounded.
The flame wave engulfs the rime drake!
The rime drake is heavily wounded.
You hear an angry buzzing noise.
The wolf closely misses you. The wolf bites you but does no damage.
Urug barely misses you.
A wave of flame ripples out!
The flame wave engulfs the rime drake!
The rime drake is severely wounded.
The flame wave engulfs Urug!
Urug is heavily wounded.
The flame wave engulfs the wolf but does no damage.
The wolf is severely wounded.
Sif Muna accepts your kill.
You feel a bit more experienced. Sif Muna accepts your kill.
You feel a bit more experienced.
You finish channelling waves of flame.
You hear an angry buzzing noise.
The wolf bites you but does no damage. The rime drake breathes ice at you.
The icy flash freeze hits you! You partially resist.
You die...

##.#.........#.#...##..#
.........###.#.#...##..#
.........# #.#.#...##.)#
.....#.#.###.#.#...##..# ∆
##+#.#.#....<#.#...##..#####
#.#.#.####.##.#...##h.....#
##.#.#.........#...##.#####
.#.#.#<.###....koh.#.†....#∆
.#.#............@#..k....Y...
.#.#...©...#######...........
.#...#####.... #..........#
.#..##.©.##..# #...........
...##.###.# .. #.......#..#
..##~..$...# . #...........
.##P...~y..8# #.......#.
##..#.## .#.. #.#####.#
#WW...#!#..


You could see Urug (blind), a rime drake (catching breath) and a wolf.

Vanquished Creatures
  Harold (D:9)
  A two-headed ogre (D:10)
  A deep elf pyromancer (D:7)
  An ugly thing (D:7)
  A manticore (D:7)
  An unseen horror (D:7)
  2 trolls (D:10)
  Prince Ribbit (D:9)
  Sigmund (D:2)
  2 shadows
  6 slime creatures (D:8)
  2 wraiths (D:10)
  6 yaks (D:9)
  4 steam dragons
  A vampire mosquito (D:7)
  Grum (D:8)
  2 acid dragons
  A sky beast (D:8)
  3 ice beasts
  A black bear (D:5)
  3 wolves
  3 ogres
  3 centaurs
  4 bullfrogs
  A gnoll sergeant (D:5)
  13 scorpions
  5 wights
  12 killer bees
  7 howler monkeys
  3 centaur zombies (Ossuary)
  A hound (D:6)
  4 human zombies (Ossuary)
  12 orc priests
  5 jellies
  4 scorpion zombies (Ossuary)
  4 iguanas
  2 sleepcaps (D:7)
  15 orc wizards
  3 mummies (Ossuary)
  11 gnolls
  7 adders
  5 shadow imps (D:6)
  9 white imps
  2 ufetubi
  A worm (D:2)
  2 dart slugs
  33 orcs
  10 endoplasms
  6 giant cockroaches
  2 gnoll zombies (Ossuary)
  7 hobgoblins
  4 jackals
  7 ball pythons
  6 bats
  3 frilled lizards
  13 goblins
  A hobgoblin zombie (Ossuary)
  12 kobolds
  4 orc zombies (Ossuary)
  5 rats
293 creatures vanquished.

Vanquished Creatures (collateral kills)
  A foxfire (D:6)
1 creature vanquished.

Vanquished Creatures (others)
  A wolf (D:10)
  A centaur (D:10)
  An orc wizard (D:7)
  Robin (D:3)
  A hobgoblin (D:3)
  645 foxfires
650 creatures vanquished.

Grand Total: 944 creatures vanquished

Notes
Turn   | Place    | Note
-------+----------+-------------------------------------------
     0 | D:1      | croobank the Gnoll Fire Elementalist began the quest for
                  | the Orb.
     0 | D:1      | Reached XP level 1. HP: 13/13 MP: 6/6
   436 | D:1      | Upgraded the game from 0.30.0-10-gfe55d96785 to
                  | 0.30.0-11-gf55b779eaf
   441 | D:1      | Reached XP level 2. HP: 19/19 MP: 7/7
   444 | D:1      | Learned a level 2 spell: Scorch
  1754 | D:2      | Reached skill level 5 in Spellcasting
  1754 | D:2      | Reached XP level 3. HP: 25/25 MP: 2/9
  1759 | D:2      | Learned a level 3 spell: Inner Flame
  1891 | D:2      | Reached skill level 1 in Invocations
  2174 | D:2      | Reached skill level 1 in Fighting
  2174 | D:2      | Reached skill level 1 in Short Blades
  2174 | D:2      | Reached skill level 1 in Long Blades
  2174 | D:2      | Reached skill level 1 in Axes
  2174 | D:2      | Reached skill level 1 in Maces & Flails
  2174 | D:2      | Reached skill level 1 in Polearms
  2174 | D:2      | Reached skill level 1 in Staves
  2174 | D:2      | Reached skill level 1 in Ranged Weapons
  2174 | D:2      | Reached skill level 1 in Throwing
  2174 | D:2      | Reached skill level 1 in Armour
  2174 | D:2      | Reached skill level 1 in Shields
  2174 | D:2      | Reached skill level 1 in Unarmed Combat
  2174 | D:2      | Reached skill level 1 in Evocations
  2187 | D:2      | Noticed Sigmund
  2198 | D:2      | HP: 1/26 [rat (1)]
  2200 | D:2      | Killed Sigmund
  2201 | D:2      | Reached skill level 1 in Hexes
  2201 | D:2      | Reached skill level 1 in Summonings
  2201 | D:2      | Reached skill level 1 in Necromancy
  2201 | D:2      | Reached skill level 1 in Translocations
  2201 | D:2      | Reached skill level 1 in Transmutations
  2201 | D:2      | Reached skill level 1 in Ice Magic
  2201 | D:2      | Reached skill level 1 in Air Magic
  2201 | D:2      | Reached skill level 1 in Earth Magic
  2201 | D:2      | Reached skill level 1 in Poison Magic
  2201 | D:2      | Reached XP level 4. HP: 3/33 MP: 0/11
  2201 | D:2      | Reached XP level 5. HP: 3/38 MP: 0/12
  2347 | D:2      | Learned a level 3 spell: Summon Guardian Golem
  3071 | D:3      | Reached XP level 6. HP: 44/44 MP: 6/13
  3232 | D:3      | Found a sacrificial altar of Ru.
  3484 | D:3      | Noticed Robin
  3519 | D:3      | Killed Robin
  3520 | D:3      | Reached skill level 5 in Dodging
  4018 | D:4      | Found a large runed translucent door.
  4018 | D:4      | Found a large runed translucent door.
  4034 | D:4      | Found a shimmering altar of Xom.
  4049 | D:4      | Found a glowing golden altar of the Shining One.
  4153 | D:4      | Reached XP level 7. HP: 36/50 MP: 1/15
  4450 | D:4      | Found a large runed translucent door.
  4450 | D:4      | Found a large runed translucent door.
  4455 | D:4      | Noticed Xolotl's ghost (amateur DsDe)
  4461 | D:4      | Learned a level 4 spell: Flame Wave
  4895 | D:4      | Reached skill level 5 in Stealth
  5274 | D:4      | Found a radiant altar of Vehumet.
  5414 | D:5      | Entered Level 5 of the Dungeon
  5555 | D:4      | Reached XP level 8. HP: 52/58 MP: 1/16
  5965 | D:5      | Found a sand-covered staircase.
  5975 | Ossuary  | Entered an ossuary
  6704 | Ossuary  | Reached XP level 9. HP: 59/65 MP: 2/18
  7493 | D:5      | Found a basalt altar of Yredelemnul.
  7969 | D:6      | Reached skill level 5 in Invocations
  8017 | D:6      | Learned a level 3 spell: Frozen Ramparts
  8281 | D:6      | Found Wim Efra's Book Emporium.
  9078 | D:7      | Noticed a manticore
  9083 | D:7      | Killed an unseen horror
  9087 | D:7      | Noticed a deep elf pyromancer
  9089 | D:7      | Killed a manticore
  9090 | D:7      | Reached skill level 5 in Fighting
  9090 | D:7      | Reached skill level 5 in Short Blades
  9090 | D:7      | Reached skill level 5 in Long Blades
  9090 | D:7      | Reached skill level 5 in Axes
  9090 | D:7      | Reached skill level 5 in Maces & Flails
  9090 | D:7      | Reached skill level 5 in Polearms
  9090 | D:7      | Reached skill level 5 in Staves
  9090 | D:7      | Reached skill level 5 in Ranged Weapons
  9090 | D:7      | Reached skill level 5 in Throwing
  9090 | D:7      | Reached skill level 5 in Armour
  9090 | D:7      | Reached skill level 5 in Shields
  9090 | D:7      | Reached skill level 5 in Unarmed Combat
  9090 | D:7      | Reached skill level 5 in Evocations
  9090 | D:7      | Reached XP level 10. HP: 32/74 MP: 15/20
  9101 | D:7      | Noticed a brown ugly thing
  9143 | D:7      | Learned a level 3 spell: Ozocubu's Armour
  9165 | D:7      | Found a staircase to the Ecumenical Temple.
  9682 | D:7      | Killed a brown ugly thing
  9683 | D:7      | Reached skill level 5 in Conjurations
  9725 | D:7      | Got the Handbook of the Pyromaniac
  9790 | D:7      | Identified the ring of Dereno {rN+ rCorr Str+3 SInv}
  9802 | D:7      | Got the Directory of Jinxing
  9941 | D:7      | Killed a deep elf pyromancer
 10016 | D:7      | Found a glowing silver altar of Zin.
 10503 | D:8      | Noticed Grum
 10551 | D:8      | Killed Grum
 11571 | D:9      | Found a sparkling altar of Nemelex Xobeh.
 11599 | D:8      | Reached skill level 5 in Hexes
 11599 | D:8      | Reached skill level 5 in Summonings
 11599 | D:8      | Reached skill level 5 in Necromancy
 11599 | D:8      | Reached skill level 5 in Translocations
 11599 | D:8      | Reached skill level 5 in Transmutations
 11599 | D:8      | Reached skill level 5 in Ice Magic
 11599 | D:8      | Reached skill level 5 in Air Magic
 11599 | D:8      | Reached skill level 5 in Earth Magic
 11599 | D:8      | Reached skill level 5 in Poison Magic
 11599 | D:8      | Reached XP level 11. HP: 47/81 MP: 11/22
 12187 | D:8      | HP: 4/81 [large slime creature (29)]
 12435 | Temple   | Entered the Ecumenical Temple
 12483 | Temple   | Became a worshipper of Sif Muna the Loreminder
 12710 | D:6      | Bought the Exposition on Wounds for 506 gold pieces
 12789 | D:9      | Noticed Harold
 12806 | D:9      | Killed Harold
 13360 | D:9      | Found an ornate altar of the Wu Jian Council.
 13376 | D:9      | Found an ancient bone altar of Kikubaaqudgha.
 13398 | D:9      | Noticed Prince Ribbit
 13403 | D:9      | Killed Prince Ribbit
 13790 | D:10     | Entered Level 10 of the Dungeon
 13790 | D:10     | Found a transporter.
 13794 | D:10     | Noticed an oklob plant
 13808 | D:10     | Noticed crux's ghost (journeyman OpTm)
 13825 | D:10     | Noticed a two-headed ogre
 13855 | D:10     | Found a transporter.
 13864 | D:10     | Noticed a manticore
 14092 | D:10     | Found a shadowy altar of Dithmenos.
 14147 | D:10     | Reached * piety under Sif Muna
 14147 | D:10     | Noticed a two-headed ogre
 14342 | D:10     | Killed a two-headed ogre
 14344 | D:10     | Noticed Urug
 14351 | D:10     | HP: 4/83 [Urug/+5 broad axe of flaming (4)]
 14353 | D:10     | Killed from afar by a rime drake

Illustrated notes

Levels and vault maps discovered:
D:1:      dpeg_arrival_windows_large_door, layout_basic
D:2:      layout_basic, minmay_circle_x, uniq_sigmund
D:3:      layout_rooms, mainiacjoe_overflow_six_doors_small, uniq_robin
D:4:      layout_gridville, lemuel_coloured_pillars_altar,
          jmf_multi_god_temple2, ebering_ghost_disaster_area
D:5:      layout_gridville, yredelemnul_altar_generic, enter_ossuary_3
D:6:      layout_cave_pods, serial_demonic, serial_demonic_d, serial_demonic_a,
          serial_demonic_c, serial_demonic_d, nicolae_take_the_stairs,
          serial_bayou_crossing
D:7:      minmay_the_grid_plus_closed [minmay_the_grid_medium_cups,
          minmay_the_grid_holed_spiral, minmay_the_grid_zigzag_pyramid,
          minmay_the_grid_all_tris, minmay_the_grid_prize_trominoes],
          layout_basic, nicolae_overflow_hidden_temple,
          minmay_temple_entry_large_hall
D:8:      layout_cave_pools, uniq_grum
D:9:      layout_basic, mainiacjoe_overflow_catch_the_wave,
          nicolae_overflow_crystal_walls, uniq_prince_ribbit1, uniq_harold
D:10:     layout_basic, nicolae_dithmenos_through_a_glass_darkly,
          hellmonk_lair_entry_icy, nzn_ghost_randoct, grunt_decor_arrowhead,
          hangedman_decor_clover_reticule, minmay_alternating_orb, uniq_urug
Temple:   minmay_temple_bridge_abc

Skill      XL: |  1  2  3  4  5  6  7  8  9 10 11 |
---------------+----------------------------------+-----
Conjurations   | 2 3 4 5 6 |  6.1
Spellcasting   | 5 6 7 8 |  8.6
Invocations    | 2 3 4 5 6 7 |  7.5
Fighting       | 1 2 3 5 6 |  6.9
Short Blades   | 1 2 3 5 6 |  6.9
Long Blades    | 1 2 3 5 6 |  6.9
Axes           | 1 2 3 5 6 |  6.9
Maces & Flails | 1 2 3 5 6 |  6.9
Polearms       | 1 2 3 5 6 |  6.9
Staves         | 1 2 3 5 6 |  6.9
Ranged Weapons | 1 2 3 5 6 |  6.9
Throwing       | 1 2 3 5 6 |  6.9
Armour         | 1 2 3 5 6 |  6.9
Shields        | 1 2 3 5 6 |  6.9
Unarmed Combat | 1 2 3 5 6 |  6.9
Evocations     | 1 2 3 5 6 |  6.9
Hexes          | 1 2 3 4 5 |  5.7
Summonings     | 1 2 3 4 5 |  5.7
Necromancy     | 1 2 3 4 5 |  5.7
Translocations | 1 2 3 4 5 |  5.7
Transmutations | 1 2 3 4 5 |  5.7
Ice Magic      | 1 2 3 4 5 |  5.7
Air Magic      | 1 2 3 4 5 |  5.7
Earth Magic    | 1 2 3 4 5 |  5.7
Poison Magic   | 1 2 3 4 5 |  5.7
Dodging        | 5 6 7 8 |  8.3
Stealth        | 5 6 7 8 |  8.1
Fire Magic     | 6 7 8 |  8.0

Action                     |  1- 3 |  4- 6 |  7- 9 | 10-12 || total
---------------------------+-------+-------+-------+-------++-------
  Melee: Dagger            |     7 |    19 |    73 |    35 ||   134
         Bite              |     1 |       |     9 |     7 ||    17
         Punch             |       |       |     3 |     1 ||     4
  Throw: Throwing net      |       |       |       |     2 ||     2
   Cast: Foxfire           |    40 |    62 |   202 |    78 ||   382
         Scorch            |    14 |    13 |    79 |   147 ||   253
         Inner Flame       |     1 |       |       |     1 ||     2
         Summon Guardian G |       |     1 |       |       ||     1
         Flame Wave        |       |       |     9 |    14 ||    23
         Ozocubu's Armour  |       |       |       |     2 ||     2
         Frozen Ramparts   |       |       |       |     2 ||     2
  Evoke: Wand              |       |       |       |     7 ||     7
    Use: Scroll            |     1 |     9 |     2 |    10 ||    22
         Potion            |       |     2 |     1 |     5 ||     8
   Stab: Sleeping          |       |     1 |       |     5 ||     6
 Armour: Robe              |     7 |    10 |    30 |    41 ||    88
         Skin              |       |    11 |       |       ||    11
  Dodge: Dodged            |     7 |    26 |    94 |   153 ||   280
